AoeStats
← Zyzz

Black Forest

508291308Analyzed
4v4 RM · 10d ago on Sep 21, 2026· 52m 30s· 8 players
Game mode
Random Map
Map size
Large (8 player)
Population
200
Speed
Normal
Resources
Standard
Victory
Conquest
Starting age
Dark Age
Ending age
Imperial Age
RankedLock teamsTeams togetherTeam positionsShared explorationLock speedFull tech treeHidden civsTurbo modeCheats
Victory
Defeat
🇧🇪 Spanish · Belgium
1281
+14
🇧🇪 Wu · Belgium
1248
+15
🇧🇪 Malay · Belgium
1238
+15
🇧🇪 Khmer · Belgium
1227
+16
🇸🇪 Bengalis · Sweden
1280
-17
🇨🇱 Bohemians · Chile
1221
-15
🇩🇪 Malians · Germany
1209
-14
🇭🇺 Vietnamese · Hungary
1200
-14
Canderous Ordo
4:01 Loom
11:40 Feudal Age
12:33 Double-Bit Axe
12:57 Horse Collar
18:34 Castle Age
16:37 Town Watch
16:45 Fishing Lines
17:56 Arson
18:33 Forging
19:17 Squires
19:43 Bow Saw
20:02 Heavy Plow
22:01 Scale Mail Armor
23:27 Gold Mining
23:29 Stone Mining
25:19 Wheelbarrow
28:14 Fletching
28:41 Chain Mail Armor
29:02 Treadmill Crane
29:33 Masonry
30:05 Murder Holes
30:22 Pikeman
31:29 Bodkin Arrow
32:37 Hand Cart
33:55 Red Cliffs Tactics
36:39 Ballistics
40:09 Imperial Age
38:39 Padded Archer Armor
39:15 Iron Casting
40:27 Caravan
41:16 Bracer
41:32 Leather Archer Armor
41:48 Plate Mail Armor
41:41 Conscription
42:28 Architecture
42:15 Guilds
43:15 Chemistry
43:49 Blast Furnace
44:06 Two-Man Saw
43:09 Heavy Plow
44:29 Sitting Tiger
44:17 Halberdier
45:13 Elite Fire Archer
46:33 Clinker Construction
48:49 Gillnets
48:58 Demolition Ship
49:34 Gillnets
50:10 Carvel Hull
51:41 Heavy Scorpion
52:31 Scale Barding Armor
52:57 Coinage
53:41 Gold Shaft Mining
53:44 Stone Shaft Mining
fuzzzy83
3:23 Loom
12:47 Feudal Age
17:05 Castle Age
17:50 Wheelbarrow
19:34 Hand Cart
25:44 Horse Collar
25:54 Double-Bit Axe
27:13 Bow Saw
27:35 Gold Mining
27:37 Town Watch
27:56 Heavy Plow
28:42 Fishing Lines
34:18 Imperial Age
31:51 Gillnets
31:37 Light Cavalry
33:31 Town Patrol
33:55 Forging
34:34 Bloodlines
34:26 Husbandry
34:35 Scale Barding Armor
34:40 Heavy Scorpion
35:49 Conscription
36:06 Fortified Wall
36:57 Chemistry
36:18 Ballistics
36:08 Hussar
37:02 Double Crossbow
36:33 Hussar
39:27 Chain Barding Armor
39:46 Iron Casting
46:22 Siege Engineers
46:28 Masonry
47:07 Gold Shaft Mining
49:32 Caravan
50:46 Plate Barding Armor
sus
5:14 Loom
11:06 Feudal Age
15:59 Castle Age
13:55 Double-Bit Axe
14:20 Horse Collar
15:10 Gold Mining
17:30 Bow Saw
19:09 Heavy Plow
25:20 Wheelbarrow
28:39 Imperial Age
27:32 Hand Cart
28:11 Caravan
28:10 Town Watch
28:42 Cavalier
30:53 Chemistry
30:04 Masonry
30:08 Bloodlines
29:59 Husbandry
30:06 Scale Barding Armor
31:02 Two-Man Saw
31:09 Chain Barding Armor
31:00 Forging
33:01 Plate Barding Armor
31:59 Paladin
33:48 Iron Casting
33:26 Town Patrol
34:04 Conscription
36:44 Blast Furnace
37:08 Architecture
36:33 Fletching
43:16 Padded Archer Armor
42:38 Elite Skirmisher
44:14 Ballistics
43:52 Bodkin Arrow
44:14 Leather Archer Armor
46:14 Coinage
46:01 Bracer
46:32 Ring Archer Armor
51:15 Banking
Arrille
10:04 Feudal Age
12:47 Arson
15:21 Man-at-Arms
17:03 Horse Collar
17:27 Double-Bit Axe
21:59 Castle Age
20:33 Fletching
20:56 Gold Mining
21:05 Crossbowman
23:46 Heavy Plow
23:57 Bodkin Arrow
26:40 Bow Saw
31:37 Imperial Age
28:57 Town Watch
30:03 Loom
30:22 Stone Mining
30:39 Treadmill Crane
31:11 Masonry
32:09 Chemistry
31:23 Masonry
31:22 Siege Engineers
32:28 Block Printing
33:11 Wheelbarrow
32:31 Pikeman
33:11 Squires
34:06 Bracer
35:37 Halberdier
40:19 Forging
40:58 Sanctity
41:07 Illumination
42:18 Arbalester
43:36 Iron Casting
44:09 Conscription
47:56 Elite Karambit Warrior
49:01 Masonry
48:32 Treadmill Crane
49:04 Padded Archer Armor
50:04 Blast Furnace
tomeq
0:49 Loom
13:22 Feudal Age
13:35 Man-at-Arms
15:08 Double-Bit Axe
17:05 Forging
17:47 Arson
18:43 Scale Mail Armor
19:27 Fishing Lines
24:30 Horse Collar
27:25 Castle Age
25:35 Gold Mining
30:19 Heavy Plow
30:30 Bow Saw
32:54 Imperial Age
30:31 Gillnets
32:02 Fletching
33:07 Gold Shaft Mining
33:06 Padded Archer Armor
34:15 Ballistics
34:23 Conscription
33:58 Pikeman
35:21 Iron Casting
35:01 Chain Mail Armor
34:49 Bodkin Arrow
35:58 Chemistry
35:55 Wheelbarrow
35:18 Elite Gbeto
36:42 Leather Archer Armor
37:32 Squires
37:43 Stone Mining
39:18 Capped Ram
40:38 Crop Rotation
41:13 Plate Mail Armor
43:00 Ring Archer Armor
44:26 Farimba
Doppinger
3:08 Loom
11:17 Feudal Age
16:48 Castle Age
14:38 Double-Bit Axe
16:35 Horse Collar
18:38 Wheelbarrow
24:25 Fletching
27:00 Scale Barding Armor
29:07 Heavy Plow
29:46 Hand Cart
31:18 Town Watch
33:37 Bow Saw
34:57 Bloodlines
34:12 Light Cavalry
34:53 Husbandry
35:42 Elite Skirmisher
36:20 Bodkin Arrow
36:52 Padded Archer Armor
38:18 Ballistics
38:09 Thumb Ring
39:19 Leather Archer Armor
42:09 Squires
41:56 Arson
46:18 Imperial Age
45:46 Forging
45:23 Treadmill Crane
46:33 Imperial Skirmisher
47:16 Bracer
48:38 Chemistry
50:12 Ring Archer Armor
bastianbps
8:39 Loom
10:54 Feudal Age
14:43 Castle Age
13:48 Double-Bit Axe
13:48 Horse Collar
16:35 Bow Saw
24:57 Wheelbarrow
28:49 Imperial Age
26:45 Scale Mail Armor
27:06 Heavy Plow
27:55 Chain Mail Armor
28:36 Hand Cart
28:38 Pikeman
29:20 Squires
29:06 Arson
31:51 Chemistry
30:35 Treadmill Crane
31:16 Ballistics
30:19 Halberdier
31:55 Plate Mail Armor
33:16 Conscription
33:08 Wagenburg Tactics
33:23 Houfnice
34:27 Forging
37:00 Siege Engineers
39:23 Masonry
44:10 Elite Hussite Wagon
45:30 Iron Casting
44:55 Padded Archer Armor
44:48 Fletching
47:25 Blast Furnace
46:21 Fletching
46:32 Padded Archer Armor
Zyzz
1:32 Loom
11:27 Feudal Age
15:36 Castle Age
13:44 Double-Bit Axe
14:00 Gold Mining
14:43 Horse Collar
18:07 Bow Saw
21:06 Wheelbarrow
24:13 Fletching
24:33 Stone Mining
25:40 Bodkin Arrow
26:21 Ballistics
26:49 Pikeman
28:38 Squires
29:29 Hand Cart
29:35 Heavy Plow
29:56 Scale Mail Armor
33:54 Imperial Age
31:54 Scale Barding Armor
31:56 Padded Archer Armor
32:36 Masonry
32:22 Murder Holes
32:59 Chain Mail Armor
33:53 Devotion
34:37 Bracer
33:59 Elite Elephant Archer
37:08 Leather Archer Armor
38:50 Conscription
38:52 Forging
40:22 Iron Casting
42:16 Ring Archer Armor
42:44 Architecture
42:26 Halberdier
43:36 Paiks
48:33 Faith
51:25 Chemistry
Connection lost

Rejoining the realm…

Still unreachable

The connection could not be restored.

Session expired

The server has moved on; the page needs a fresh start.